 Dungeon Crawl Stone Soup version 0.21.1 (webtiles) character file.

109 Rrauwl the Skirmisher (level 5, -2/42 HPs)
             Began as a Formicid Abyssal Knight on Feb 2, 2018.
             Was a Believer of Lugonu.
             Slain by an ice beast (9 damage)
             ... on level 2 of the Dungeon.
             The game lasted 00:05:37 (1392 turns).

Rrauwl the Skirmisher (Formicid Abyssal Knight)     Turns: 1392, Time: 00:05:38

Health: -2/42      AC:  6    Str: 16    XL:     5   Next: 13%
Magic:  6/6        EV: 11    Int: 12    God:    Lugonu [**....]
Gold:   46         SH:  0    Dex: 11    Spells: 4/4 levels left

rFire    + . .     SeeInvis +   a - +1 hand axe
rCold    . . .     Gourm    .   (no shield)
rNeg     . . .     Faith    .   e - +1 ring mail
rPois    .         Spirit   .   (helmet unavailable)
rElec    .         Reflect  .   (no cloak)
rCorr    .         Harm     .   (no gloves)
MR       .....                  (no boots)
Stlth    +.........             (no amulet)
HPRegen  0.14/turn              (no ring)
MPRegen  0.10/turn              (no ring)

@: no status effects
A: permanent stasis, dig shafts and tunnels, four strong arms, antennae 3,
talons 1, fire resistance 1
a: Dig, Shaft Self, Depart the Abyss, Bend Space, Renounce Religion


You were on level 2 of the Dungeon.
You worshipped Lugonu.
Lugonu was pleased with you.
You were not hungry.

You visited 1 branch of the dungeon, and saw 2 of its levels.
You visited the Abyss 1 time.

You collected 46 gold pieces.

Inventory:

Hand Weapons
 a - a +1 hand axe (weapon)
Armour
 e - a +1 ring mail (worn)
Wands
 i - a wand of digging (18)
Scrolls
 b - a scroll of identify
 f - a scroll of remove curse
Potions
 g - a potion of curing
Comestibles
 c - 5 rations
 h - 10 chunks of flesh


   Skills:
 + Level 4.3 Fighting
 + Level 3.0 Axes
 + Level 3.1 Armour
 + Level 1.3 Dodging
 + Level 1.1 Stealth
 + Level 2.6 Invocations


You had 4 spell levels left.
You didn't know any spells.

Dungeon Overview and Level Annotations

Branches:
Dungeon (2/15)

Altars:


Innate Abilities, Weirdness & Mutations

You cannot be hasted, slowed, berserked, paralysed or teleported.
You can dig through walls and to a lower floor.
Your four strong arms can wield two-handed weapons with a shield.
You have a pair of large antennae on your head. (SInv)
You have sharp toenails.
Your flesh is heat resistant. (rF+)


Message History

You barely miss the ice beast. Your kick misses the ice beast.
The ice beast is lightly wounded.
The ice beast closely misses you.
The ice beast hits you but does no damage.
You hit the ice beast. Your kick misses the ice beast.
The ice beast is moderately wounded.
The ice beast barely misses you.
You hit the ice beast.
The ice beast is moderately wounded.
The ice beast hits you. The ice beast freezes you!
You closely miss the ice beast.
The ice beast is moderately wounded.
The ice beast hits you. The ice beast freezes you!
* * * LOW HITPOINT WARNING * * *
You closely miss the ice beast. Your kick misses the ice beast.
The ice beast is moderately wounded.
The ice beast hits you.
* * * LOW HITPOINT WARNING * * *
The ice beast freezes you!
You die...

#.............## #..
#.............##.######+
###..###########....##.#......
......### #....##........
#......# #.)†.##........
#......# #†)).##........
#......# #.(..##........
#......########....##^....###
#......'..rY@.............#
#......###############....#
#..........r.. #....#
####.......... ######
#.......... #.....Y....
#.......... #..........
#..........


You could see an ice beast and a rat.

Vanquished Creatures
  Robin (D:2)
  3 adders (D:2)
  2 dart slugs (D:1)
  A leopard gecko (D:1)
  4 giant cockroaches
  12 goblins
  10 hobgoblins
  6 jackals
  A ball python (D:1)
  5 bats
  6 frilled lizards
  5 kobolds
  5 rats (D:1)
61 creatures vanquished.

Notes
Turn   | Place    | Note
-------+----------+-------------------------------------------
     0 | Abyss:1  | Rrauwl the Formicid Abyssal Knight began the quest for the Orb.
     0 | Abyss:1  | Reached XP level 1. HP: 18/18 MP: 2/2
    29 | Abyss:2  | Noticed a great orb of eyes
    32 | D:1      | Escaped the Abyss
   181 | D:1      | Reached XP level 2. HP: 15/25 MP: 3/3
   308 | D:1      | Reached skill level 1 in Dodging
   413 | D:1      | Reached * piety under Lugonu
   463 | D:1      | Reached XP level 3. HP: 26/30 MP: 4/4
   929 | D:2      | Reached XP level 4. HP: 16/37 MP: 5/5
   940 | D:2      | Reached skill level 4 in Fighting
   948 | D:2      | Gained mutation: You have sharp toenails. [potion of mutation]
   948 | D:2      | Gained mutation: Your flesh is heat resistant. (rF+) [potion of mutation]
  1294 | D:2      | Noticed Robin
  1296 | D:2      | Reached ** piety under Lugonu
  1305 | D:2      | Killed Robin
  1308 | D:2      | Reached skill level 1 in Stealth
  1308 | D:2      | Reached XP level 5. HP: 34/42 MP: 6/6
  1377 | D:2      | Noticed an ice beast
  1392 | D:2      | Slain by an ice beast

Skill      XL: |  1  2  3  4 |
---------------+-------------+-----
Dodging        | 1 |  1.3
Fighting       | 4 |  4.3
Armour         | 3 |  3.1
Axes           | 3 |  3.0
Stealth        | 1 |  1.1
Invocations    | |  2.6

Action                   |  1- 3 |  4- 6 || total
-------------------------+-------+-------++-------
Melee: Hand axe          |   110 |    56 ||   166
       Kick              |       |    10 ||    10
Invok: Depart the Abyss  |     1 |       ||     1
  Use: Scroll            |     3 |     2 ||     5
       Potion            |       |     2 ||     2
 Stab: Invisible         |       |     8 ||     8
  Eat: Chunk             |       |     2 ||     2
Armor: Ring mail         |    58 |    26 ||    84
Dodge: Dodged            |    57 |    53 ||   110
